 Dungeon Crawl Stone Soup version 0.19-a0-1682-g5114f93 (webtiles) character file.

236269 st0uf the Warrior (level 18, -8/155 HPs)
             Began as a Demonspawn Gladiator on Sept 25, 2016.
             Was the Champion of Okawaru.
             Mangled by a titanic slime creature (53 damage)
             ... on level 13 of the Dungeon.
             The game lasted 02:47:21 (28682 turns).

st0uf the Warrior (Demonspawn Gladiator)           Turns: 28682, Time: 02:47:22

Health: -8/155     AC: 25    Str: 20 (21) XL:     18   Next: 50%
Magic:  0/27       EV: 15    Int: 11      God:    Okawaru [******]
Gold:   1973       SH:  2    Dex: 26      Spells: 0 memorised, 17 levels left

rFire  + . .     SeeInvis .     p - +8 battleaxe "Giant's Toothpick" {flame, rElec Dex+2}
rCold  + . .     Gourm    .     R - +3 plate armour {rF+}
rNeg   + . .     Faith    .     (shield currently unavailable)
rPois  +         Spirit   +     (helmet unavailable)
rElec  +         Dismiss  .     A - +2 cloak
rCorr  .         Reflect  +     U - +0 pair of gloves of Follow the Leader {rPois Dex+3 Stlth-}
MR     +....     Harm     .     X - +1 pair of boots {Stlth+}
Stlth  .......... Clarity  +    h - +2 amulet of reflection
                                q - ring of positive energy
                                J - +4 ring of protection

@: about to teleport
A: horns 3, thin skeletal structure 3, clarity, cold resistance 1, deformed
body, demonic guardian 2, magic shield, magic regeneration, magic link, freezing
cloud immunity
a: Heroism, Finesse, Renounce Religion
}: 2/15 runes: decaying, gossamer


You were on level 13 of the Dungeon.
You worshipped Okawaru.
Okawaru was exalted by your worship.
You were not hungry.

You visited 6 branches of the dungeon, and saw 32 of its levels.

You collected 2811 gold pieces.
You spent 838 gold pieces at shops.

Inventory:

Hand Weapons
 p - the +8 battleaxe "Giant's Toothpick" (weapon) {flame, rElec Dex+2}
   (You bought it in a shop on level 9 of the Dungeon)

   It has been specially enchanted to burn those struck by it, causing extra
   injury to most foes and up to half again as much damage against particularly
   susceptible opponents.
   Big, fiery blades are also staple armaments of hydra-hunters.
   It affects your dexterity (+2).
   It insulates you from electricity.
 K - a +1 executioner's axe of flaming
Missiles
 d - 15 throwing nets (quivered)
Armour
 A - a +2 cloak (worn)
 R - a +3 plate armour of fire resistance (worn)
 U - the +0 pair of gloves of Follow the Leader (worn) {rPois Dex+3 Stlth-}
   (Okawaru gifted it to you on level 5 of the Lair of Beasts)

   It affects your dexterity (+3).
   It protects you from poison.
   It makes you less stealthy.
 X - a +1 pair of boots of stealth (worn)
 Z - the +3 shield of Okawaru's Displeasure {rF++ Dex-2, unknown}
   (Okawaru gifted it to you on level 4 of the Spider Nest)

   It affects your dexterity (-2).
   It greatly protects you from fire.
Rods
 V - a +2 rod of ignition (12/12)
   (You found it on level 6 of the Lair of Beasts)
Jewellery
 e - an uncursed ring of protection from fire
 g - an uncursed ring of resist corrosion
 h - a +2 amulet of reflection (around neck)
 q - a ring of positive energy (right hand)
 J - a +4 ring of protection (left hand)
 T - an uncursed ring of flight
 W - an uncursed ring of protection from cold
Wands
 z - a wand of teleportation (6/9)
 O - a wand of teleportation (3/9)
 Y - a wand of disintegration (7/24)
Scrolls
 b - 3 scrolls of blinking
 j - 9 scrolls of teleportation
 m - a scroll of enchant armour
 n - 6 scrolls of immolation
 t - 3 scrolls of fog
 u - 9 scrolls of remove curse
 v - a scroll of brand weapon
 y - a scroll of fear
 E - a scroll of silence
 H - 2 scrolls of summoning
 I - a scroll of enchant weapon
 P - 2 scrolls of recharging
 Q - 3 scrolls of magic mapping
Potions
 a - 4 potions of flight
 c - 5 potions of curing
 l - 7 potions of might
 o - 2 potions of berserk rage
 r - 6 potions of heal wounds
 w - 3 potions of cancellation
 B - 4 potions of cure mutation
 C - 5 potions of haste
 D - a potion of brilliance
 F - 3 potions of agility
 G - a potion of invisibility
 L - 2 potions of ambrosia
 N - 7 potions of lignification
 S - a potion of resistance
Comestibles
 f - 21 bread rations
 i - a beef jerky
 k - a royal jelly
 s - 9 meat rations
 x - 2 slices of pizza
 M - 3 chunks of flesh


   Skills:
 * Level 17.6 Fighting
 * Level 16.9 Axes
 - Level 1.7 Throwing
 + Level 11.8 Armour
 + Level 12.2 Dodging
 - Level 13.1 Invocations


You had 17 spell levels left.
You didn't know any spells.

Dungeon Overview and Level Annotations

Branches:
Dungeon (15/15)            Temple (1/1) D:7            Lair (6/6) D:10
  Swamp (4/4) Lair:2       Spider (4/4) Lair:2        Slime (0/5) Lair:6
    Orc (2/2) D:12            Elf (0/3) Orc:2        Vaults (0/5) D:13
 Depths (0/5) D:15

Altars:
Ashenzari
Cheibriados
Dithmenos
Elyvilon
Fedhas
Gozag
Hepliaklqana
Kikubaaqudgha
Makhleb
Nemelex Xobeh
Okawaru
Qazlal
Ru
Sif Muna
Trog
Uskayaw
Vehumet
Xom
Yredelemnul
Zin
The Shining One
Beogh

Shops:
D:9 (   Orc:2 %%*!!

Annotations:
D:4 exclusion: downstairs
D:5 zkyp's ghost, novice OgWn


Innate Abilities, Weirdness & Mutations

You have a pair of large horns on your head.
You have an unnaturally thin skeletal structure. (Dex +6, Stealth++)
Your flesh is cold resistant. (rC+)
A demonic guardian rushes to your aid.
When hurt, damage is shared between your health and your magic reserves.
You regenerate magic rapidly.
When low on magic, you restore magic in place of health.
You are immune to freezing clouds.
You possess an exceptional clarity of mind.
Armour fits poorly on your strangely shaped body.


Message History

The enormous slime creature hits you!!
You slash the enormous slime creature! You burn the enormous slime creature.
You headbutt the enormous slime creature, but do no damage.
The enormous slime creature is lightly wounded.
Two slime creatures merge to form a titanic slime creature.
You slice the titanic slime creature!! You burn the titanic slime creature.
The titanic slime creature is moderately wounded.
You barely miss the titanic slime creature.
You headbutt the titanic slime creature, but do no damage.
The titanic slime creature is moderately wounded.
The titanic slime creature hits you!
You slash the titanic slime creature! You burn the titanic slime creature.
You headbutt the titanic slime creature!
The titanic slime creature is moderately wounded.
The titanic slime creature hits you!!!
* * * LOW HITPOINT WARNING * * *
You see here a broad axe.
As you read the scroll of teleportation, it crumbles to dust.
You feel strangely unstable. The titanic slime creature hits you!!!!
You die...

.....#.##
#..####.#.#.#.#.#.###
.......# #..# ##.#.#.#.#.#.#
.#####.# ###..#
##.#.#.#.#.#.## ######.#
#.(.## #.############
.......# #.#.# #.....##
.....### ##.#.# ####...#####
.....# ##..#.# #..........#
....#####..##.####..........#
.............(..@J..........#
....####.####.####..........#
########.# #([# #..........#
###...# ##)###..........# #
##...### #.)#############
###..### #...# )...## #...#
..### #...# ..# #...#


You could see a titanic slime creature.

Vanquished Creatures
  A bone dragon (Swamp:4)
  Frances (Swamp:2)
  A thorn hunter (Swamp:4)
  Kirke (Lair:6)
  Roxanne (D:15)
  4 ghost moths (Spider:4)
  The ghost of st0uf the Fighter, a journeyman DsGl of Qazlal (Orc:2)
  6 emperor scorpions
  2 entropy weavers
  A dire elephant (Lair:6)
  A spark wasp (Spider:4)
  An ettin (D:15)
  Snorg (Lair:5)
  Harold (D:10)
  A vault guard (D:13)
  3 ghost crabs
  9 hydras
  Erica (D:8)
  6 alligators
  3 catoblepae
  3 centaur warriors
  2 death knights (D:14)
  8 death yaks
  A queen ant (Lair:2)
  A deep troll shaman (Lair:6)
  Urug (D:13)
  5 orc high priests (Orc:2)
  Nergalle (D:12)
  An unseen horror (D:10)
  7 skeletal warriors
  A death drake (Swamp:4)
  A spriggan druid (Swamp:4)
  A deep troll (D:15)
  3 spectral hydras (Swamp:4)
  A wizard (D:14)
  7 swamp dragons
  3 shambling mangroves
  3 phantasmal warriors
  7 hill giants
  30 wolf spiders
  15 orb spiders
  3 harpies (D:13)
  A lindwurm (Lair:6)
  A cyclops (D:15)
  9 orc knights
  10 ugly things
  An oklob plant (Lair:5)
  6 hornets
  2 manticores
  3 deep elf magi
  A moth of wrath (Spider:1)
  An orc sorcerer (Orc:2)
  14 elephants (Lair:6)
  Joseph (D:8)
  Psyche (D:11)
  10 spiny frogs
  2 gargoyles (D:13)
  A kobold demonologist (D:15)
  3 swamp worm zombies (Swamp:4)
  3 rime drakes
  6 komodo dragons
  A freezing wraith (D:14)
  An efreet (D:13)
  11 demonic crawlers
  2 hydra zombies (Swamp:4)
  41 jumping spiders
  2 tengu conjurers
  Grinder (D:6)
  5 trolls
  A two-headed ogre (Orc:1)
  4 tyrant leeches
  5 hippogriffs
  5 bog bodies
  12 blink frogs
  3 polar bears
  19 slime creatures
  2 alligator zombies (Swamp:4)
  2 spectral swamp dragons (Swamp:4)
  4 shadows
  93 redbacks
  A spriggan (shapeshifter) (D:15)
  Sigmund (D:2)
  39 tarantellas
  2 basilisks (Lair:3)
  5 hogs (Lair:6)
  31 yaks
  4 vampire mosquitoes (Swamp:4)
  10 swamp worms
  2 hungry ghosts
  2 wargs (Orc:1)
  19 soldier ants (Lair:2)
  17 insubstantial wisps
  15 water moccasins
  2 sky beasts
  34 orc warriors
  13 porcupines
  6 swamp drakes
  4 swamp dragon zombies (Swamp:4)
  9 wasps
  An eye of draining (D:12)
  Duvessa (D:6)
  3 black bears (Lair:6)
  2 ice beasts
  7 phantoms
  A necrophage (D:9)
  3 boggarts (D:15)
  16 wolves
  The ghost of st0uf the Chopper, an amateur DsGl (D:4)
  11 ogres
  18 centaurs
  19 crocodiles
  2 big kobolds
  13 bullfrogs
  A gnoll sergeant (D:9)
  Dowan (D:6)
  2 wyvern skeletons
  5 scorpions
  3 killer bees (D:11)
  7 wights
  2 howler monkeys (D:7)
  4 crimson imps
  3 bullfrog zombies
  A quasit (D:5)
  7 hounds
  3 jellies
  Crazy Yiuf (D:2)
  5 centaur zombies
  28 orc priests
  2 bullfrog skeletons
  23 orc wizards
  5 centaur skeletons
  6 iguanas
  Terence (D:2)
  35 worker ants
  Natasha (twice) (D:3)
  2 spectral swamp drakes (Swamp:4)
  A bullfrog simulacrum (D:12)
  2 hound zombies
  14 adders
  A swamp drake zombie (Swamp:4)
  17 gnolls
  55 river rats
  4 shadow imps
  2 oozes
  An adder zombie (D:8)
  8 worms
  A dart slug (D:3)
  4 leopard geckos
  100 orcs
  A giant cockroach (D:8)
  8 goblins
  5 hobgoblins
  14 jackals
  11 kobolds
  6 quokkas
  2 ball pythons
  14 bats
  6 frilled lizards
  9 rats
  8 fungi
  4 plants
1202 creatures vanquished.

Vanquished Creatures (collateral kills)
  Donald (Orc:2)
  Erolcha (D:12)
  3 wolf spiders
  6 orb spiders
  2 spiny frogs (Lair:4)
  2 jumping spiders (Spider:1)
  3 hippogriffs
  A slime creature (Swamp:2)
  4 redbacks
  Eustachio (D:5)
  2 tarantellas (Spider:4)
  2 yaks (D:9)
  Menkaure (D:5)
  An insubstantial wisp (Swamp:3)
  A soldier ant (Lair:2)
  An orc warrior (D:9)
  3 centaurs
  A bullfrog (D:6)
  A wyvern zombie (D:6)
  A killer bee (D:11)
  2 orc priests
  Natasha (D:3)
  A worker ant (D:5)
  A hound skeleton (D:4)
  3 gnolls (D:9)
  An orc (D:9)
  A briar patch (Swamp:4)
48 creatures vanquished.

Vanquished Creatures (others)
  A hydra (Swamp:4)
  2 jumping spiders
  A redback (Spider:4)
  A tarantella (Spider:3)
  An insubstantial wisp (Swamp:4)
  A porcupine (Lair:2)
  A swamp dragon zombie (Swamp:4)
  6 fungi
  10 plants
24 creatures vanquished.

Grand Total: 1274 creatures vanquished

Notes
Turn   | Place    | Note
-------+----------+-------------------------------------------
     0 | D:1      | st0uf the Demonspawn Gladiator began the quest for the Orb.
     0 | D:1      | Reached XP level 1. HP: 16/16 MP: 1/1
   426 | D:1      | Gained mutation: You have a pair of small horns on your head. [demonic ancestry]
   426 | D:1      | Reached XP level 2. HP: 18/23 MP: 2/2
   876 | D:2      | Gained mutation: When hurt, damage is shared between your health and your magic reserves. [demonic ancestry]
   876 | D:2      | Reached XP level 3. HP: 10/28 MP: 3/3
  1247 | D:2      | Reached skill level 1 in Armour
  1335 | D:2      | Noticed Sigmund
  1375 | D:3      | Reached skill level 3 in Fighting
  1508 | D:3      | Gained mutation: A weak demonic guardian rushes to your aid. [demonic ancestry]
  1508 | D:3      | Reached XP level 4. HP: 35/35 MP: 4/4
  1536 | D:3      | Noticed Natasha
  1540 | D:3      | Killed Natasha
  1589 | D:3      | Found a basalt altar of Yredelemnul.
  1714 | D:3      | Noticed Natasha
  1721 | D:3      | Killed Natasha
  1721 | D:3      | Reached XP level 5. HP: 32/41 MP: 2/5
  1728 | D:3      | Noticed Natasha
  1735 | D:3      | Killed Natasha
  1901 | D:3      | Noticed a sky beast
  1915 | D:3      | Killed a sky beast
  1915 | D:3      | Reached skill level 4 in Fighting
  1915 | D:3      | Gained mutation: You have a somewhat thin skeletal structure. (Dex +2, Stealth) [demonic ancestry]
  1915 | D:3      | Reached XP level 6. HP: 19/48 MP: 3/6
  2499 | D:4      | Gained mutation: You have a pair of horns on your head. [demonic ancestry]
  2499 | D:4      | Reached XP level 7. HP: 55/55 MP: 7/7
  2578 | D:4      | Reached skill level 5 in Fighting
  2698 | D:4      | Noticed st0uf's ghost (amateur DsGl)
  2717 | D:4      | Killed st0uf's ghost
  3002 | D:4      | Reached skill level 5 in Axes
  3239 | D:2      | Killed Sigmund
  3511 | D:2      | Found a runed door.
  3515 | D:2      | Noticed Crazy Yiuf
  3520 | D:2      | Killed Crazy Yiuf
  3605 | D:2      | Noticed Terence
  3610 | D:2      | Killed Terence
  3940 | D:4      | Reached skill level 6 in Fighting
  3940 | D:4      | Gained mutation: You regenerate magic rapidly. [demonic ancestry]
  3940 | D:4      | Reached XP level 8. HP: 57/64 MP: 6/8
  4049 | D:4      | Found a glowing golden altar of the Shining One.
  4260 | D:5      | Entered Level 5 of the Dungeon
  4272 | D:5      | Noticed zkyp's ghost (novice OgWn)
  4274 | D:5      | Noticed Eustachio
  4338 | D:5      | Noticed Menkaure
  4342 | D:5      | Killed Menkaure
  4548 | D:5      | Killed Eustachio
  4837 | D:5      | Reached skill level 5 in Dodging
  4863 | D:5      | Reached skill level 7 in Fighting
  5029 | D:6      | Found a hide-covered altar of Uskayaw.
  5035 | D:6      | Noticed Duvessa
  5035 | D:6      | Noticed Dowan
  5040 | D:6      | Killed Duvessa
  5042 | D:6      | Killed Dowan
  5042 | D:6      | Gained mutation: When low on magic, you restore magic in place of health. [demonic ancestry]
  5042 | D:6      | Reached XP level 9. HP: 56/72 MP: 7/9
  5138 | D:6      | Noticed Grinder
  5148 | D:6      | Paralysed by Grinder for 2 turns
  5150 | D:6      | Killed Grinder
  5221 | D:6      | Found a burning altar of Makhleb.
  5221 | D:6      | Found a glowing silver altar of Zin.
  5222 | D:6      | Noticed an angel
  5222 | D:6      | Noticed an Executioner
  5347 | D:6      | Found a shimmering altar of Xom.
  5348 | D:6      | Found a snail-covered altar of Cheibriados.
  5565 | D:6      | Found a shadowy altar of Dithmenos.
  5773 | D:6      | Found a deep blue altar of Sif Muna.
  5862 | D:7      | Found a staircase to the Ecumenical Temple.
  5874 | Temple   | Entered the Ecumenical Temple
  5961 | Temple   | Became a worshipper of Warmaster Okawaru
  6155 | D:7      | Reached skill level 1 in Invocations
  6317 | D:7      | Reached skill level 8 in Fighting
  6644 | D:7      | Reached * piety under Okawaru
  6851 | D:8      | Got a translucent ring mail
  6852 | D:8      | Identified the +3 ring mail of the Beginning {Int+3} (You found it on level 8 of the Dungeon)
  6875 | D:8      | You fall through a shaft!
  7036 | D:9      | Found Doec's Weapon Shop.
  7088 | D:9      | Noticed a moth of wrath
  7187 | D:9      | Reached ** piety under Okawaru
  7191 | D:9      | Reached XP level 10. HP: 73/82 MP: 12/12
  7292 | D:9      | Reached skill level 5 in Armour
  7341 | D:9      | Found a blossoming altar of Fedhas.
  7564 | D:8      | Found a sparkling altar of Nemelex Xobeh.
  7672 | D:8      | Reached *** piety under Okawaru
  7740 | D:8      | Reached skill level 9 in Fighting
  7794 | D:8      | Noticed Erica
  7810 | D:8      | Killed Erica
  7842 | D:8      | Noticed Joseph
  7867 | D:8      | Killed Joseph
  8241 | D:9      | Reached **** piety under Okawaru
  8282 | D:9      | Found a bloodstained altar of Trog.
  8347 | D:10     | Entered Level 10 of the Dungeon
  8357 | D:10     | Reached skill level 5 in Invocations
  8383 | D:10     | Noticed Harold
  8395 | D:10     | Killed Harold
  8541 | D:10     | Found a staircase to the Lair.
  8796 | D:10     | Gained mutation: You have a pair of large horns on your head. [demonic ancestry]
  8796 | D:10     | Reached XP level 11. HP: 89/90 MP: 15/15
  8879 | D:11     | Reached ***** piety under Okawaru
  8881 | D:11     | Reached skill level 10 in Fighting
  9305 | D:11     | Noticed Psyche
  9336 | D:11     | Killed Psyche
  9711 | D:12     | Noticed Nergalle
  9738 | D:12     | Killed Nergalle
  9763 | D:12     | Received a gift from Okawaru
  9877 | D:12     | Noticed Erolcha
  9886 | D:12     | Killed Erolcha
  9886 | D:12     | Reached skill level 10 in Axes
  9966 | D:12     | Found a roughly hewn altar of Beogh.
  9966 | D:12     | Found a staircase to the Orcish Mines.
 10278 | D:12     | Noticed a hill giant
 10282 | D:12     | Killed a hill giant
 10443 | D:13     | Noticed a hill giant
 10454 | D:13     | Killed a hill giant
 10454 | D:13     | Reached skill level 11 in Fighting
 10455 | D:13     | Noticed Urug
 10469 | D:13     | Killed Urug
 10528 | D:13     | Noticed a deep elf mage
 10535 | D:13     | Gained mutation: You have a moderately thin skeletal structure. (Dex +4, Stealth+) [demonic ancestry]
 10535 | D:13     | Reached XP level 12. HP: 36/100 MP: 14/17
 10631 | D:13     | Found a gate to the Vaults.
 10631 | D:13     | Noticed a vault guard
 10671 | D:13     | Noticed a four-headed hydra
 10899 | Orc:1    | Entered Level 1 of the Orcish Mines
 11049 | Orc:2    | Entered Level 2 of the Orcish Mines
 11064 | Orc:2    | Found Zitsyvak's Food Shoppe.
 11108 | Orc:2    | Noticed st0uf's ghost (journeyman DsGl)
 11195 | D:9      | Bought the +8 battleaxe "Giant's Toothpick" {flame, rElec Dex+2} for 838 gold pieces
 11269 | Lair:1   | Entered Level 1 of the Lair of Beasts
 11327 | Lair:1   | Reached ****** piety under Okawaru
 11591 | Lair:1   | Received a gift from Okawaru
 11594 | Lair:1   | Reached skill level 12 in Fighting
 11606 | Lair:1   | Got a steaming battleaxe {god gift}
 11607 | Lair:1   | Identified the +0 battleaxe of Ulocain {venom, rF+ rC+ Str-4 Stlth+} (Okawaru gifted it to you on level 1 of the Lair of Beasts)
 12217 | Lair:2   | Gained mutation: You have an unnaturally thin skeletal structure. (Dex +6, Stealth++) [demonic ancestry]
 12217 | Lair:2   | Reached XP level 13. HP: 78/109 MP: 19/19
 12428 | Lair:2   | Received a gift from Okawaru
 12431 | Lair:2   | Got a polished scale mail {god gift}
 12442 | Lair:2   | Identified the +5 scale mail "Zuonov" {MR+} (Okawaru gifted it to you on level 2 of the Lair of Beasts)
 12591 | Lair:2   | Found a staircase to the Swamp.
 12806 | Lair:2   | Found a hole to the Spider Nest.
 13948 | Lair:4   | Reached skill level 13 in Fighting
 13948 | Lair:4   | Reached skill level 10 in Invocations
 14480 | Lair:5   | Found a shattered altar of Ashenzari.
 14741 | Lair:5   | Noticed Snorg
 14753 | Lair:5   | Killed Snorg
 14753 | Lair:5   | Received a gift from Okawaru
 14756 | Lair:5   | Got a pair of distressingly furry gloves {god gift}
 14767 | Lair:5   | Identified the +0 pair of gloves of Follow the Leader {rPois Dex+3 Stlth-} (Okawaru gifted it to you on level 5 of the Lair of Beasts)
 15183 | Lair:6   | Entered Level 6 of the Lair of Beasts
 15188 | Lair:6   | Noticed Kirke
 15290 | Lair:6   | Killed Kirke
 15290 | Lair:6   | Gained mutation: Your flesh is cold resistant. (rC+) [demonic ancestry]
 15290 | Lair:6   | Reached XP level 14. HP: 111/118 MP: 19/21
 15376 | Lair:6   | Found a staircase to the Slime Pits.
 15538 | Lair:6   | Received a gift from Okawaru
 15732 | Lair:6   | Reached skill level 14 in Fighting
 16383 | Lair:6   | Identified a +2 rod of ignition (12/12) (You found it on level 6 of the Lair of Beasts)
 16576 | Lair:1   | Gained mutation: You are immune to freezing clouds. [demonic ancestry]
 16576 | Lair:1   | Reached XP level 15. HP: 126/126 MP: 23/23
 16694 | Orc:2    | Killed st0uf's ghost
 16744 | Orc:2    | Found a staircase to the Elven Halls.
 17045 | Orc:2    | Noticed Donald
 17057 | Orc:2    | Killed Donald
 17839 | Orc:2    | Received a gift from Okawaru
 17842 | Orc:2    | Reached skill level 10 in Dodging
 18103 | Orc:2    | Found Lollol's Distillery.
 18103 | Orc:2    | Found Loecuapo's Food Shop.
 18106 | Orc:2    | Found Kig Asua's Distillery.
 18106 | Orc:2    | Found Duilan's Assorted Antiques.
 18209 | D:13     | Received a gift from Okawaru
 18253 | D:13     | Gained mutation: A demonic guardian rushes to your aid. [demonic ancestry]
 18253 | D:13     | Reached XP level 16. HP: 68/134 MP: 25/25
 19477 | D:14     | Reached skill level 15 in Fighting
 19562 | D:15     | Entered Level 15 of the Dungeon
 19729 | D:15     | Found a staircase to the Depths.
 19876 | D:15     | Noticed Roxanne
 19975 | D:15     | Killed Roxanne
 19976 | D:15     | Identified Roxanne's Incunabulum of the Rocks (You took it off Roxanne on level 15 of the Dungeon)
 20687 | Spider:1 | Entered Level 1 of the Spider Nest
 20692 | Spider:1 | Reached skill level 10 in Armour
 20812 | Spider:1 | Received a gift from Okawaru
 20959 | Spider:1 | Reached skill level 15 in Axes
 21296 | Spider:1 | Found a roughly hewn altar of Beogh.
 21372 | Spider:1 | Received a gift from Okawaru
 22203 | Spider:2 | Reached XP level 17. HP: 123/144 MP: 22/26
 22510 | Spider:2 | Received a gift from Okawaru
 22820 | Spider:3 | Reached skill level 16 in Fighting
 22834 | Spider:3 | Was placed under penance by Okawaru
 23924 | Spider:4 | Entered Level 4 of the Spider Nest
 23931 | Spider:4 | Was forgiven by Okawaru
 24565 | Spider:4 | Gained mutation: Armour fits poorly on your strangely shaped body. [the power of Zot]
 24775 | Swamp:1  | Entered Level 1 of the Swamp
 24952 | Swamp:1  | Received a gift from Okawaru
 24960 | Swamp:1  | Got a polished battleaxe {god gift}
 24961 | Swamp:1  | Identified the +1 battleaxe of Awkalus {distort, *Slow rC++ Int+5} (Okawaru gifted it to you on level 1 of the Swamp)
 24965 | Swamp:1  | Gained mutation: You possess an exceptional clarity of mind. [mutagenic glow]
 25618 | Swamp:2  | Noticed Frances
 25627 | Swamp:2  | Killed Frances
 26671 | Swamp:3  | Received a gift from Okawaru
 26872 | Swamp:4  | Entered Level 4 of the Swamp
 26898 | Swamp:4  | Reached XP level 18. HP: 151/153 MP: 27/27
 26963 | Swamp:4  | Reached skill level 17 in Fighting
 27839 | Swamp:4  | Noticed a bone dragon
 27861 | Swamp:4  | Killed a bone dragon
 27864 | Swamp:4  | Received a gift from Okawaru
 27874 | Swamp:4  | Got a decaying rune of Zot
 28381 | Spider:4 | Received a gift from Okawaru
 28396 | Spider:4 | Got an ichor-stained shield {god gift}
 28405 | Spider:4 | Got a gossamer rune of Zot
 28682 | D:13     | Mangled by a titanic slime creature

Vault maps used:
D:1:      scummos_arrival_simple_crosswalls, roderic_lattice_a
D:2:      first_bread, uniq_sigmund, uniq_terence, uniq_crazy_yiuf_cottage
D:3:      overflow_temple_1_default, uniq_natasha
D:4:      tso_altar
D:5:      uniq_eustachio, uniq_menkaure
D:6:      grunt_temple_overflow_order_and_chaos_2, grunt_temple_overflow_open,
          lemuel_blue_sif_altar, basic_altar, grunt_dithmenos_smoke_and_mirrors,
          uniq_grinder, uniq_duvessa
D:8:      nemelex_xobeh_ov_fountains_minmay, uniq_joseph, uniq_erica
D:9:      tgw_trog, nicolae_overflow_hidden_temple, serial_shops,
          nicolae_shop_behind_doors, grunt_ogre_cave
D:10:     due_lair_maze_entry_diamond, uniq_harold
D:11:     kennysheep_crisscross, uniq_psyche
D:12:     david_orc_5, hangedman_weighted_door, uniq_erolcha, uniq_nergalle
D:13:     david_vaults_5, portal_ice_cave_entry_pillars_1, uniq_urug
D:14:     minivault_24
D:15:     hangedman_depths_entry_civil_slaughter,
          hangedman_abyss_or_decor_stabs, uniq_roxanne
Temple:   zaba_magenta_temple
Lair:2:   minmay_swamp_entry_wisps, nicolae_spider_entry_tight_spaces,
          minivault_29, serial_bayou_shore_b
Lair:3:   beast_lair_carwin_1
Lair:4:   grunt_megastairs_3
Lair:5:   lemuel_oklob_altar, grunt_megastairs_1, serial_bayou_shore_b,
          lemuel_fruit_tree, uniq_snorg
Lair:6:   grunt_lair_end_beastmaster, minmay_slime_entry_pillars,
          serial_bayou_shore_b, uniq_kirke
Swamp:1:  evilmike_swamp_ruin_rubble_1, swamp_pool3, st_swamp_ruins_2
Swamp:2:  evilmike_swamp_ruin_house_5, swamp_pool1, uniq_frances
Swamp:3:  evilmike_swamp_ruin_house_2, infiniplex_staircase_pool_2
Swamp:4:  swamp_pestilence
Spider:1: nicolae_spider_mines_2
Spider:3: hangedman_spider_tarantella_strand
Spider:4: spider_rune_water
Orc:2:    st_orc_pillars, serial_shops, nicolae_shop_window_shopping,
          uniq_donald

Skill      XL: |  1  2  3  4  5  6  7  8  9 10 11 12 13 14 15 16 17 18 |
---------------+-------------------------------------------------------+-----
Axes           | 3 4 5 6 7 9 10 11 12 13 14 15 16 | 16.9
Dodging        | 3 4 5 6 7 8 9 10 11 12 | 12.2
Armour         | 1 2 3 4 5 6 7 8 9 10 11 | 11.8
Fighting       | 3 4 6 7 8 9 11 12 13 14 15 16 17 | 17.6
Invocations    | 3 5 7 9 10 11 12 13 | 13.1
Throwing       | |  1.7

Action                   |  1- 3 |  4- 6 |  7- 9 | 10-12 | 13-15 | 16-18 || total
-------------------------+-------+-------+-------+-------+-------+-------++-------
Melee: War axe           |    89 |       |       |       |       |       ||    89
       Headbutt          |    13 |    21 |    72 |   157 |   203 |   381 ||   847
       Battleaxe         |    14 |    79 |   336 |   642 |   673 |  1073 ||  2817
       Unarmed           |       |       |       |       |     3 |       ||     3
Invok: Heroism           |       |       |       |     8 |    13 |    18 ||    39
       Finesse           |       |       |       |     3 |     2 |     5 ||    10
Evoke: Wand              |       |       |       |       |     1 |       ||     1
  Use: Scroll            |       |       |     3 |    20 |     8 |    14 ||    45
       Potion            |       |       |       |     2 |     2 |     9 ||    13
 Stab: Distracted        |       |       |     6 |     2 |    13 |     9 ||    30
       Sleeping          |       |       |     1 |     2 |       |       ||     3
       Confused          |       |       |       |     1 |       |     1 ||     2
  Eat: Chunk             |     2 |     3 |    16 |    18 |    18 |    35 ||    92
       Royal jelly       |       |       |       |       |     1 |       ||     1
       Beef jerky        |       |       |       |       |       |     1 ||     1
Armor: Scale mail        |    61 |    31 |   149 |       |     1 |       ||   242
       Ring mail         |       |       |    21 |   214 |       |       ||   235
       Plate armour      |       |       |       |   173 |   366 |   772 ||  1311
Dodge: Dodged            |    61 |    52 |   235 |   525 |   382 |   914 ||  2169
Block: Other             |       |       |       |       |     7 |    71 ||    78
       Reflection        |       |       |       |       |       |     1 ||     1
